 Dungeon Crawl Stone Soup version 0.21-a0-2-ge494091 (webtiles) character file.

459 DevlanMud the Chiller (level 7, -3/45 HPs)
             Began as a Merfolk Ice Elementalist on May 20, 2017.
             Was an Initiate of Kikubaaqudgha.
             Slain by an ogre
             ... wielding a +0 giant club
              (17 damage)
             ... on level 4 of the Dungeon.
             The game lasted 00:17:28 (4457 turns).

DevlanMud the Chiller (Merfolk Ice Elementalist)    Turns: 4457, Time: 00:17:28

Health: -3/45      AC:  5    Str: 10    XL:     7   Next: 6%
Magic:  9/13       EV: 12    Int: 15    God:    Kikubaaqudgha [......]
Gold:   176        SH:  4    Dex: 14    Spells: 10/14 levels left

rFire    . . .     SeeInvis .   y - +0 spear
rCold    . . .     Gourm    .   (no shield)
rNeg     . . .     Faith    .   u - +0 leather armour
rPois    .         Spirit   .   q - +1 helmet
rElec    .         Reflect  .   (no cloak)
rCorr    .         Harm     .   (no gloves)
MR       .....                  (no boots)
Stlth    ++........             l - amulet of magic regeneration
Regen    0.2/turn               (no ring)
MPRegen  0.2/turn               (no ring)

@: no status effects
A: change form in water, swift swim, stealthy swim, large bone plates 1, frail 1
a: Renounce Religion


You were on level 4 of the Dungeon.
You worshipped Kikubaaqudgha.
Kikubaaqudgha was noncommittal.
You were not hungry.

You visited 2 branches of the dungeon, and saw 5 of its levels.

You collected 176 gold pieces.

Inventory:

Hand Weapons
 y - a +0 spear (weapon)
Armour
 q - a +1 helmet (worn)
 u - a +0 leather armour (worn)
Jewellery
 l - an amulet of magic regeneration (around neck)
Scrolls
 f - 2 scrolls of identify
 g - a scroll of immolation {unknown}
 m - a scroll of amnesia
 p - a scroll of teleportation {unknown}
 s - a scroll of recharging {unknown}
 t - a scroll of fog {unknown}
 w - 2 scrolls of blinking {unknown}
 x - a scroll of fear {unknown}
 z - a scroll of magic mapping {unknown}
Potions
 d - a potion of haste
 e - a potion of degeneration {unknown}
 j - a potion of agility {unknown}
 k - a potion of lignification
 o - a potion of berserk rage
 r - 3 potions of mutation
 v - a potion of flight {unknown}
Books
 b - a book of Frost

   Spells                             Type                      Level
   a - Freeze                         Ice                          1
   b - Throw Frost                    Conjuration/Ice              2
   c - Ozocubu's Armour               Charms/Ice                   3
   d - Throw Icicle                   Conjuration/Ice              4
   e - Summon Ice Beast               Ice/Summoning                4
Comestibles
 a - 3 chunks of flesh
 c - 4 bread rations
 h - a royal jelly
 i - 7 meat rations


   Skills:
 - Level 2.0 Fighting
 * Level 2.3 Polearms
 - Level 1.0 Armour
 - Level 2.6 Dodging
 - Level 2.1 Stealth
 - Level 4.2 Spellcasting
   Level 0.7 Conjurations
 + Level 0.0 Charms
 - Level 6.0 Ice Magic


You had 10 spell levels left.
You knew the following spells:

 Your Spells              Type           Power        Failure   Level  Hunger
a - Freeze                Ice            ###.         1%          1    None
b - Ozocubu's Armour      Chrm/Ice       ##......     21%         3    ###....


Dungeon Overview and Level Annotations

Branches:
Dungeon (4/15)             Temple (1/1) D:4

Altars:
Cheibriados
Dithmenos
Elyvilon
Fedhas
Gozag
Hepliaklqana
Kikubaaqudgha
Makhleb
Nemelex Xobeh
Okawaru
Qazlal
Ru
Sif Muna
Trog
Uskayaw
Xom
Zin
The Shining One


Innate Abilities, Weirdness & Mutations

You revert to your normal form in water.
You are very nimble and swift while swimming.
You are very stealthy in the water. (Stealth+)
You are partially covered in large bone plates. (SH +4)
You are frail. (-10% HP)


Message History

The ogre hits you with a giant club.
Casting: Freeze
Confirm with . or Enter, or press ? or * to list all spells.
Aiming: Freeze
Press: ? - help, Shift-Dir - straight line, f/p - ogre
Aim: an ogre, wielding a giant club (heavily wounded)
You freeze the ogre.
The ogre is severely wounded.
The ogre hits you with a giant club!!
* * * LOW HITPOINT WARNING * * *
Casting: Freeze
Confirm with . or Enter, or press ? or * to list all spells.
Aiming: Freeze
Press: ? - help, Shift-Dir - straight line, f/p - ogre
Aim: an ogre, wielding a giant club (severely wounded)
You freeze the ogre.
The ogre is almost dead.
The ogre hits you with a giant club!
You die...
Kikubaaqudgha rasps: "You have failed me!
Welcome... death!"

# ..#### #### ......
...# ########.#....
...# #.............
##.# #.............
##.# #.........#...
.#.########...........#
...##..........O@..#
.#.##)##############
##.##.# ##..#)# ......#
#####O# #.# #.#
#####.##


You could see an ogre.

Vanquished Creatures
  Duvessa (D:4)
  Dowan (D:4)
  Jessica (D:3)
  Natasha (thrice) (D:3)
  A worker ant (D:4)
  Terence (D:3)
  Robin (D:3)
  3 gnolls (D:4)
  An adder (D:4)
  A worm (D:3)
  8 dart slugs
  4 leopard geckos
  5 orcs
  A giant cockroach (D:1)
  10 hobgoblins
  7 jackals (D:2)
  A quokka (D:3)
  A ball python (D:3)
  10 bats
  8 frilled lizards
  11 goblins
  6 kobolds
  5 rats
91 creatures vanquished.

Notes
Turn   | Place    | Note
-------+----------+-------------------------------------------
     0 | D:1      | DevlanMud the Merfolk Ice Elementalist began the quest for the Orb.
     0 | D:1      | Reached XP level 1. HP: 13/13 MP: 3/3
   204 | D:1      | Reached XP level 2. HP: 16/19 MP: 0/5
   228 | D:1      | Reached skill level 4 in Ice Magic
   813 | D:1      | Reached XP level 3. HP: 10/24 MP: 0/6
  1284 | D:2      | Learned a level 3 spell: Ozocubu's Armour
  1656 | D:2      | Reached skill level 5 in Ice Magic
  2005 | D:2      | Reached XP level 4. HP: 30/30 MP: 5/7
  2333 | D:3      | Noticed Natasha
  2341 | D:3      | Killed Natasha
  2341 | D:3      | Reached skill level 1 in Fighting
  2624 | D:3      | Noticed Natasha
  2633 | D:3      | Killed Natasha
  2633 | D:3      | Reached XP level 5. HP: 24/37 MP: 2/8
  2738 | D:3      | Noticed Terence
  2748 | D:3      | Killed Terence
  2748 | D:3      | Reached skill level 6 in Ice Magic
  2827 | D:3      | Noticed Jessica
  2832 | D:3      | Killed Jessica
  3173 | D:3      | Noticed Natasha
  3183 | D:3      | Killed Natasha
  3183 | D:3      | Reached skill level 1 in Armour
  3304 | D:3      | Noticed Robin
  3324 | D:3      | Killed Robin
  3324 | D:3      | Reached XP level 6. HP: 32/43 MP: 0/10
  3414 | D:3      | Gained mutation: You are frail. (-10% HP) [potion of mutation]
  3414 | D:3      | Gained mutation: You are partially covered in large bone plates. (SH +4) [potion of mutation]
  3956 | D:4      | Found a staircase to the Ecumenical Temple.
  3970 | Temple   | Entered the Ecumenical Temple
  4170 | Temple   | Became a worshipper of Kikubaaqudgha
  4212 | D:4      | Noticed Duvessa
  4212 | D:4      | Noticed Dowan
  4220 | D:4      | Killed Duvessa
  4220 | D:4      | Reached skill level 1 in Polearms
  4226 | D:4      | Killed Dowan
  4226 | D:4      | Reached XP level 7. HP: 3/45 MP: 1/13
  4457 | D:4      | Slain by an ogre

Vault maps used:
D:1:      sevenhm_arrival_forest_fort_small_4, minmay_hexomino_f4
D:3:      uniq_jessica, uniq_natasha, uniq_robin, uniq_terence
D:4:      minmay_temple_entry_junction_2, first_bread,
          minmay_misc_feat_enclosed, uniq_duvessa
Temple:   eino_narrow_crystal_temple

Skill      XL: |  1  2  3  4  5  6 |
---------------+-------------------+-----
Ice Magic      | 4 5 6 |  6.0
Fighting       | 1 2 |  2.0
Armour         | 1 |  1.0
Spellcasting   | 4 |  4.2
Polearms       | 2 |  2.3
Dodging        | |  2.6
Stealth        | |  2.1
Conjurations   | |  0.7

Action                   |  1- 3 |  4- 6 |  7- 9 || total
-------------------------+-------+-------+-------++-------
Melee: Unarmed           |     1 |    11 |       ||    12
       Spear             |       |     2 |     1 ||     3
 Cast: Freeze            |    57 |   109 |     6 ||   172
  Use: Potion            |     3 |     2 |       ||     5
       Scroll            |     1 |     2 |       ||     3
 Stab: Sleeping          |       |     1 |       ||     1
  Eat: Chunk             |     4 |     8 |     1 ||    13
Armor: Robe              |     7 |     4 |       ||    11
       Skin              |     1 |       |       ||     1
       Leather armour    |       |    13 |       ||    13
Dodge: Dodged            |    25 |    45 |     1 ||    71
Block: Other             |       |     3 |       ||     3
